 Dungeon Crawl Stone Soup version 0.30.0-5-g1a98f26d00 (webtiles) character file.

Game seed: 15131734708880275172

63 Exaltedone87 the Covered (level 3, -3/33 HPs)
             Began as an Armataur Fighter on May 9, 2023.
             Killed from afar by Natasha (6 damage)
             ... with a magic dart
             ... on level 3 of the Dungeon.
             The game lasted 00:02:06 (1371 turns).

Exaltedone87 the Covered (Armataur Fighter)         Turns: 1371, Time: 00:02:06

Health: -3/33      AC:  8    Str: 21    XL:     3   Next: 89%
Magic:  3/3        EV: 12    Int:  8    God:
Gold:   139        SH:  4    Dex: 11    Spells: 2/2 levels left

rFire   + . .        a - +0 flail
rCold   . . .        c - +0 buckler
rNeg    . . .        b - +0 scale mail
rPois   .            (no helmet)
rElec   .            n - +0 cloak
rCorr   .            (no gloves)
SInv    .            (no barding)
Will    .....        (no amulet) Stlth
                     i - +5 ring of evasion
HPRegen 0.25/turn    p - ring of protection from fire
MPRegen 0.08/turn

%: roll
@: slowed, very slow
A: large, rugged brown scales 3, deformed body, armoured tail, roll, long
tongue, awkward tongue
a: no special abilities


You were on level 3 of the Dungeon.
You visited 1 branch of the dungeon, and saw 3 of its levels.

You collected 139 gold pieces.

Inventory:

Hand Weapons
 a - a +0 flail (weapon)
Armour
 b - a +0 scale mail (worn)
 c - a +0 buckler (worn)
 n - a +0 cloak (worn)
Jewellery
 i - a +5 ring of evasion (left hand)
 p - a ring of protection from fire (right hand)
Scrolls
 f - a scroll of enchant weapon {unknown}
 l - a scroll of teleportation
 m - a scroll of immolation
Potions
 d - a potion of might
 e - a potion of resistance
 h - 2 potions of haste {unknown}
 j - a potion of mutation
 k - a potion of lignification {unknown}
 o - a potion of heal wounds {unknown}


   Skills:
 + Level 3.1 Fighting
 * Level 2.7 Maces & Flails
 + Level 4.1 Armour
 + Level 3.8 Shields


You had 2 spell levels left.
You didn't know any spells.
Your spell library was empty.

Dungeon Overview and Level Annotations

Branches:
Dungeon (3/15)

Altars:

Annotations:
D:3 Natasha


Innate Abilities, Weirdness & Mutations

You are completely covered in rugged brown scales. (AC +3, +7% HP)
Armour fits poorly on your strangely shaped body.
You have a long armoured tail.
You roll when moving toward enemies. (Rampage)
Your long tongue fully drains potion bottles. (2x potion effects)
Your tongue gives you trouble enunciating. (1.5x scroll delay)


Message History

You sock the orc!
You kill the orc!
Natasha stares at you and mumbles some strange words.
You feel yourself slow down.
Found a bronze wand.
Natasha wildly gestures.
You feel disoriented. Natasha closely misses you.
You hit Natasha.
Natasha is moderately wounded.
Natasha claws you.
You hit Natasha.
Natasha is heavily wounded.
Natasha claws you but does no damage.
Natasha stares at you and mumbles some strange words.
The magic dart hits you.
You closely miss Natasha.
Natasha is heavily wounded.
Natasha hisses.
Natasha claws you! Natasha completely misses you.
You completely miss Natasha.
Your tail-slap misses Natasha.
Natasha is heavily wounded.
You block Natasha's attack. Natasha closely misses you.
You closely miss Natasha.
Natasha is heavily wounded.
Natasha closely misses you. Natasha claws you.
* * * LOW HITPOINT WARNING * * *
Unknown command.
You closely miss Natasha.
Natasha is heavily wounded.
Natasha claws you.
* * * LOW HITPOINT WARNING * * *
Natasha claws you.
* * * LOW HITPOINT WARNING * * *
Unknown command.
You barely miss Natasha.
Natasha is heavily wounded.
Natasha casts a spell at you. The magic dart hits you.
You die...

*,,,,,,+..*,,,..#
*,,,,,,#..,*.#..##** ###
*,,,,,,#..,,.....,,* ..#
*******#..**.#..#*,* ..#
#..##..#.##/***** ..#
#...........,,,,* ..########
#>..)..#.?#,,,,,*
..#......######.#....#..*,,,*
..'[.....'...).>@h......,,,,*
###......##..).$####.##.,*,,*
.........##.###.# *,**,*,,,*
.....######.# #.# *,,,,,,,,*
.....# #.# #.# *,,,**,*,*
######****#.# #.# **,,,,,,,*
*,,,,#.#*#.# *,*******
*,,,,...,#.# *,* *,,,,,,,,+,*
*,*


You could see Natasha.

Vanquished Creatures
  An adder (D:3)
  4 dart slugs
  3 orcs (D:3)
  4 bats
  4 endoplasms
  3 goblins (D:2)
  2 hobgoblins (D:2)
  8 kobolds
  2 quokkas (D:2)
  6 ball pythons
  A frilled lizard (D:2)
  4 rats
42 creatures vanquished.

Notes
Turn   | Place    | Note
-------+----------+-------------------------------------------
     0 | D:1      | Exaltedone87 the Armataur Fighter began the quest for the
                  | Orb.
     0 | D:1      | Reached XP level 1. HP: 19/19 MP: 1/1
   235 | D:1      | Reached XP level 2. HP: 26/26 MP: 2/2
   836 | D:2      | Reached skill level 4 in Armour
   885 | D:2      | Reached XP level 3. HP: 32/32 MP: 3/3
  1360 | D:3      | Noticed Natasha
  1371 | D:3      | Killed from afar by Natasha

Illustrated notes

Levels and vault maps discovered:
D:1:      lemuel_arrival_lava_pool, layout_loops_ring
D:2:      layout_basic
D:3:      minmay_octagon_keep, layout_basic,
          hangedman_abyss_or_decor_lesser_grid, bh_walls_and_bars, uniq_natasha

Skill      XL: |  1  2  3 |
---------------+----------+-----
Maces & Flails | 2 |  2.7
Armour         | 4 |  4.1
Fighting       | 3 |  3.1
Shields        | |  3.8

Action                     || total
---------------------------++-------
  Melee: Flail             ||   112
         Tailslap          ||     8
    Use: Scroll            ||     8
 Armour: Scale mail        ||    54
  Dodge: Dodged            ||    57
  Block: Buckler           ||    23
